Map: Catalyst LE

Players

axu - Winner!

  • Race: Protoss Protoss
  • League: Platinum
  • Spawn Location: 11:00

VOD

Have the link to the VOD?

Description

Time

  • Played on: Dec. 22, 2017, 11:45 a.m.
  • Length: 22:15
Show
View Real Time Build Order
Export as new Build Order

axu Protoss - Winner!

Build Orders:  

Get SALT Encoding   

  12  0:04  Probe (Chrono Boost)  
  13  0:25  Probe (Chrono Boost)  
  14  0:42  Pylon  
  15  0:52  Probe (Chrono Boost)  
  15  1:09  Gateway, Probe (Chrono Boost)  
  16  1:14  Assimilator  
  16  1:28  Probe (Chrono Boost)  
  17  1:45  Probe (Chrono Boost)  
  18  2:03  Probe (Chrono Boost)  
  19  2:19  Nexus, Cybernetics Core  
  20  2:30  Probe (Chrono Boost)  
  20  2:40  Assimilator  
  20  2:47  Probe (Chrono Boost)  
  20  2:48  Pylon  
  21  3:04  Probe (Chrono Boost)  
  22  3:14  Gateway  
  22  3:15  Stalker (Chrono Boost)  
  22  3:28  Probe (Chrono Boost)  
  25  3:44  Probe  
  26  4:01  Probe  
  26  4:02  Probe  
  28  4:12  Pylon  
  28  4:18  Probe  
  28  4:19  Probe  
  30  4:22  Robotics Facility  
  30  4:35  Probe  
  30  4:36  Probe  
  31  4:52  Probe  
  31  4:53  Probe  
  31  4:56  Warp Gate  
  33  5:02  Gateway  
  33  5:08  Twilight Council  
  33  5:09  Probe  
  34  5:10  Probe  
  35  5:26  Probe  
  35  5:27  Stalker (Chrono Boost)  
  35  5:28  Probe  
  41  5:31  Stalker (Chrono Boost)  
  41  5:43  Assimilator, Probe  
  41  5:45  Probe  
  41  5:46  Assimilator  
  43  6:00  Probe  
  43  6:02  Probe  
  45  6:12  Immortal  
  45  6:17  Probe  
  45  6:19  Probe  
  51  6:24  Shield Battery  
  51  6:28  Shield Battery  
  51  6:34  Probe  
  51  6:36  Probe  
  53  6:47  Pylon  
  53  6:51  Probe  
  53  6:56  Pylon  
  54  7:04  Forge  
  54  7:05  Forge  
  54  7:12  Probe x2  
  56  7:21  Sentry  
  56  7:22  Sentry x2  
  56  7:29  Probe x2  
  64  7:43  Immortal  
  64  7:46  Probe x2  
  70  7:54  Blink  
  70  7:57  Protoss Ground Weapons Level 1 (Chrono Boost)  
  70  8:00  Protoss Ground Armor Level 1 (Chrono Boost)  
  70  8:12  Nexus  
  70  8:16  Pylon  
  70  8:31  Pylon  
  70  8:36  Pylon  
  70  8:41  Observer, Probe x2  
  73  8:55  Pylon  
  73  8:58  Probe x2  
  73  8:59  Pylon  
  75  9:04  Stalker x3  
  81  9:15  Probe x2  
  83  9:30  Gateway  
  83  9:31  Gateway  
  83  9:35  Gateway  
  83  9:38  Gateway  
  83  9:41  Gateway  
  83  10:07  Assimilator  
  83  10:08  Shield Battery  
  83  10:11  Shield Battery  
  83  10:12  Assimilator  
  83  10:14  Charge, Pylon  
  83  10:19  Stalker x2  
  87  10:20  Stalker  
  87  10:27  Templar Archives  
  89  10:35  Protoss Ground Weapons Level 2 (Chrono Boost)  
  89  10:36  Protoss Ground Armor Level 2 (Chrono Boost)  
  89  10:54  Probe x2  
  89  10:55  Probe  
  92  11:09  Stalker  
  94  11:10  Stalker x2  
  94  11:11  Stalker, Probe x3  
  94  11:12  Stalker  
  94  11:13  Stalker  
  94  11:15  Stalker  
  109  11:33  Robotics Bay  
  99  11:52  High Templar  
  99  11:53  High Templar x4  
  99  11:59  Immortal (Chrono Boost)  
  105  12:05  Archon x2  
  105  12:09  High Templar  
  107  12:18  Archon  
  107  12:22  Stalker x2  
  107  12:26  Probe x2  
  107  12:27  Probe  
  114  12:43  Pylon, Probe x2  
  114  12:46  Pylon  
  114  12:49  Colossus (Chrono Boost)  
  116  12:54  Pylon  
  116  12:57  Pylon  
  122  13:09  Robotics Facility  
  122  13:27  Stalker x2  
  122  13:28  Stalker x3  
  122  13:29  Stalker x2  
  136  13:38  Extended Thermal Lance  
  136  13:53  Protoss Shields Level 1 (Chrono Boost)  
  136  13:55  Warp Prism  
  138  14:16  Protoss Ground Weapons Level 3 (Chrono Boost)  
  138  14:44  Nexus, Warp Prism  
  138  14:45  Colossus  
  138  14:46  Pylon  
  138  14:49  Pylon  
  146  14:53  Pylon  
  146  14:56  Assimilator  
  146  15:01  Assimilator  
  146  15:16  Zealot  
  146  15:17  Zealot x4  
  146  15:18  Zealot x3  
  162  15:34  Colossus  
  148  16:18  High Templar x3  
  148  16:19  High Templar x4  
  162  16:20  High Templar  
  164  16:30  Archon x2  
  164  16:31  Archon x2  
  162  18:03  Stargate  
  162  18:04  Stargate  
  162  18:09  Stargate  
  162  18:14  Pylon  
  162  18:18  Pylon  
  162  18:19  Stalker x3  
  168  18:20  Stalker x2  
  168  18:21  Stalker x3  
  168  18:22  Pylon  
  178  19:20  High Templar x4  
  178  19:21  High Templar x3  
  178  19:22  High Templar  
  178  19:25  Archon  
  178  19:27  Archon x3  
  180  20:42  Zealot x2  
  180  20:43  Zealot x2  
  180  20:44  Zealot x2  
  180  20:45  Zealot x2  
Tags
 
League
Platinum
Matchup
Co-op
Add a new tag
Caveats
  • Supply blocks, unpowered buildings, or Contaminate may cause inaccurate times.
  • Supply counts are checked every 10 seconds.